 Dungeon Crawl Stone Soup version 0.28-a0-1199-gef9e1dbd39 (webtiles) character file.

Game seed: 8081510165139624200

0 Gargoyl the Skirmisher (level 1, -1/23 HPs)
             Began as a Gnoll Abyssal Knight on Dec 19, 2021.
             Was a Follower of Lugonu.
             Constricted to death by a starspawn tentacle (3 damage)
             ... attached to a tentacled starspawn
             ... on level 1 of the Abyss.
             The game lasted 00:00:08 (206 turns).

Gargoyl the Skirmisher (Gnoll Abyssal Knight)        Turns: 206, Time: 00:00:08

Health: -1/23      AC:  3    Str: 12    XL:     1   Next: 0%
Magic:  2/2        EV:  9    Int:  9    God:    Lugonu [*.....]
Gold:   13         SH:  0    Dex: 12    Spells: 0/0 levels left

rFire   . . .      SeeInvis .   a - +1 hand axe
rCold   . . .      Faith    .   (no shield)
rNeg    . . .      Spirit   .   b - +0 leather armour
rPois   .          Reflect  .   (no helmet)
rElec   .          Harm     .   (no cloak)
rCorr   .          Rampage  .   (no gloves)
Will    .....      Rage     9%  (no boots)
Stlth   +.........              (no amulet)
HPRegen 0.07/turn               (no ring)
MPRegen 0.08/turn               (no ring)

@: constricted
A: fangs 1, strong nose, distributed training, [berserk 3], [low mp 3], [subdued
magic 2]
a: Renounce Religion, Depart the Abyss


You were on level 1 of the Abyss.
You worshipped Lugonu.
Lugonu was aware of your devotion.
You visited 0 branches of the dungeon, and saw 0 of its levels.
You visited the Abyss 1 time.

You collected 13 gold pieces.

Inventory:

Hand Weapons
 a - a +1 hand axe (weapon)
Armour
 b - a +0 leather armour (worn)


   Skills:
 + Level 6.4 Fighting
 + Level 0.0 Short Blades
 + Level 0.0 Long Blades
 + Level 4.4 Axes
 + Level 0.0 Maces & Flails
 + Level 0.0 Polearms
 + Level 0.0 Staves
 + Level 0.0 Slings
 + Level 0.0 Bows
 + Level 0.0 Crossbows
 + Level 0.0 Throwing
 + Level 4.4 Armour
 + Level 2.3 Dodging
 + Level 0.0 Stealth
 + Level 0.0 Shields
 + Level 0.0 Unarmed Combat
 + Level 0.0 Spellcasting
 + Level 0.0 Conjurations
 + Level 0.0 Hexes
 + Level 0.0 Summonings
 + Level 0.0 Necromancy
 + Level 0.0 Translocations
 + Level 0.0 Transmutations
 + Level 0.0 Fire Magic
 + Level 0.0 Ice Magic
 + Level 0.0 Air Magic
 + Level 0.0 Earth Magic
 + Level 0.0 Poison Magic
 + Level 4.4 Invocations
 + Level 0.0 Evocations


You couldn't memorise any spells.
You didn't know any spells.
Your spell library was empty.

Dungeon Overview and Level Annotations

Branches:
Dungeon (0/15)

Altars:


Innate Abilities, Weirdness & Mutations

You have very sharp teeth.
Your uncanny sense of smell can sniff out nearby items.
Your experience applies equally to all skills.
[You have an uncontrollable temper.]
[Your magical capacity is extremely low. (-30% MP)]
[Your spells are easier to cast, but less powerful.]


Message History

Press < or > to pray at altars.
Found a dagger.
Found a gateway leading out of the Abyss.
You now have 13 gold pieces.
Key pressed, stopping explore.
Found 15 arrows.
You are suddenly pulled into a different region of the Abyss!
Key pressed, stopping explore.
Found a club.
A tentacled starspawn comes into view.
A tentacled starspawn is nearby!
A tentacled starspawn is nearby!
A wretched star comes into view.
A chaos spawn comes into view.
The wretched star pulses with an eldritch light!
You feel less energetic. x2
A tentacle flies out from the starspawn's body!
A starspawn tentacle comes into view.
The chaos spawn's pages rustle loudly.
The wretched star pulses with an eldritch light!
You feel a little pissed off.
You feel angry.
You barely miss the wretched star. You slash the chaos spawn!
The chaos spawn hits you!
The wretched star pulses with an eldritch light!
You feel extremely angry at everything! The chaos spawn hits you!
* * * LOW HITPOINT WARNING * * *
You hit the wretched star.
The wretched star is lightly damaged.
You hit the chaos spawn but do no damage.
The wretched star glows turbulently.
The lance of force misses you. The chaos spawn closely misses you.
Unknown command.
Unknown command.
The wretched star pulses with an eldritch light!
You feel less energetic.
Your connection to magic feels subdued.
Your connection to magic feels more subdued.
Tentacles burst from the starspawn's body! 2 starspawn tentacles come into view.
The starspawn tentacle grabs you. The starspawn tentacle constricts you.
You die...

### ### #.### #.
#....###.... ##.
#.................
#≈##.##.##..##..# ..
.≈≈.##..##*Λ##..##..
#≈ ≈##....w4──.....
.≈ #..#.@w───X....
#.≈≈♣#..##..##..##.
..≈≈≈≈. ##..##..##..
..#≈≈≈≈#............
# #.#≈≈≈...........
. #≈≈≈##..##..##..
### .≈≈ #..# ..# ∆
#..#≈...... ... .##
####### ###


You could see a tentacled starspawn, a wretched star, a chaos spawn and 2
starspawn tentacles.

Vanquished Creatures (others)
  2 starspawn tentacles (Abyss:1)
2 creatures vanquished.

Notes
Turn   | Place    | Note
-------+----------+-------------------------------------------
     0 | Abyss:1  | Gargoyl the Gnoll Abyssal Knight began the quest for the
                  | Orb.
     0 | Abyss:1  | Reached XP level 1. HP: 23/23 MP: 3/3
   196 | Abyss:1  | Noticed a tentacled starspawn
   199 | Abyss:1  | Noticed a wretched star
   199 | Abyss:1  | Noticed a chaos spawn
   206 | Abyss:1  | Constricted to death by a starspawn tentacle

Illustrated notes

Levels and vault maps discovered:
Abyss:1:  base: Temple, base:
Temple

Action                   || total
-------------------------++-------
Melee: Hand axe          ||     2
Dodge: Dodged            ||     2

Table legend: (Time is in decaauts)
 A = Elapsed time spent in this place.
 B = Non-inter-level travel time spent in this place.
 C = Inter-level travel time spent in this place.
 D = Time resting spent in this place.
 E = Time spent auto-exploring this place.
 F = Levels seen in this place.
 G = Mean time per level.
                   A        B        C        D        E       F      G
               +--------+--------+--------+--------+--------+-----+--------+
         Total |    206 |    206 |      0 |      0 |    192 |   1 |  206.0 |
         Abyss |    206 |    206 |      0 |      0 |    192 |   1 |  206.0 |
               +--------+--------+--------+--------+--------+-----+--------+

Top non-repeatable levels by time:
 Abyss:1: 206 daAuts
